 Dungeon Crawl Stone Soup version 0.31-a0-162-gc4c5a43528 (webtiles) character file.

Game seed: 13326491334112862806

131 qw the Shooter (level 5, -1/44 (49) HPs)
             Began as a Naga Hunter on June 12, 2023.
             Slain by an orc priest
             ... wielding a +1 flail of draining
              (4 damage)
             ... on level 3 of the Dungeon.
             The game lasted 00:00:35 (1757 turns).

qw the Shooter (Naga Hunter)                        Turns: 1757, Time: 00:00:35

HP:   -1/44 (49)    AC:  4    Str: 13    XL:     5   Next: 14%
MP:   5/5           EV:  9    Int:  9    God:
Gold: 138           SH:  0    Dex: 17    Spells: 4/4 levels left

rFire   . . .        Y - +0 shortbow
rCold   . . .        (shield currently unavailable)
rNeg    . . .        c - +0 leather armour
rPois   +            (no helmet)
rElec   .            g - +0 cloak
rCorr   .            (no gloves)
SInv    +            (no barding)
Will    .....        (no amulet)
Stlth   ++           (no ring)
HPRegen 0.27/turn    (no ring)
MPRegen 0.09/turn

%: no passive effects
@: short of breath, heavily drained, very slow
A: AC +1, large, see invisible, deformed body, poison resistance, slowness 2,
spit poison 1, naga tail 1
a: Spit Poison


You were on level 3 of the Dungeon.
You visited 1 branch of the dungeon, and saw 3 of its levels.

You collected 138 gold pieces.


Innate Abilities, Weirdness & Mutations

Your serpentine skin is tough. (AC +1)
You have supernaturally acute eyesight. (SInv)
Armour fits poorly on your strangely shaped body.
Your system is resistant to poisons. (rPois)
You cover ground very slowly.
You can spit poison.
You have a snake-like lower body.


   Skills:
 - Level 3.0 Fighting
 + Level 5.3 Ranged Weapons
 - Level 1.5 Dodging
 - Level 1.5 Stealth


You had 4 spell levels left.
You didn't know any spells.
Your spell library was empty.

Inventory:

Hand Weapons
 Y - a +0 shortbow (weapon)
Armour
 c - a +0 leather armour (worn)
 g - a +0 cloak (worn)
 h - a +0 helmet
Scrolls
 a - a scroll of teleportation {unknown}
Potions
 b - a potion of might {unknown}
 d - a potion of resistance {unknown}
 e - a potion of haste
 f - 2 potions of curing

Dungeon Overview and Level Annotations

Branches:
Dungeon (3/15)

Altars:

Shops:
D:2 :


Message History

You shoot an arrow.
The arrow hits the orc priest but does no damage.
The orc priest is moderately wounded.
You have got your breath back.
The orc priest hits you with a +1 flail of draining.
You feel drained.
The orc priest mumbles some strange prayers to Beogh against you.
Beogh smites you! The orc barely misses you.
1752 ||| INVOKING Spit Poison.
Aiming: Spit Poison (1% risk of failure)
Press: ? - help, Shift-Dir - straight line, f/p - orc priest The splash of poison misses the orc priest.
The splash of poison hits the orc!
You kill the orc!
The orc hits you with a +0 hand axe. The orc priest barely misses you.
You shoot an arrow.
The arrow hits the orc priest but does no damage.
The orc priest is moderately wounded.
The orc priest barely misses you. The orc closely misses you.
You shoot an arrow. The arrow hits the orc priest.
The orc priest is heavily wounded.
You have got your breath back.
The orc priest hits you with a +1 flail of draining!
You feel drained. The orc barely misses you.
1755 ||| INVOKING Spit Poison.
Aiming: Spit Poison (1% risk of failure)
Press: ? - help, Shift-Dir - straight line, f/p - orc priest The splash of poison misses the orc priest.
The orc hits you with a +0 hand axe.
The orc priest hits you with a +1 flail of draining.
You feel drained.
You shoot an arrow. The arrow hits the orc priest.
The orc priest is almost dead.
The orc priest hits you with a +1 flail of draining!
You feel drained. The orc completely misses you.
You shoot an arrow. The arrow hits the orc priest.
The orc priest is almost dead.
The orc closely misses you.
The orc priest hits you with a +1 flail of draining.
You die...

# ###
########.##############.
............%...@o...)..
###......######..o...###
..#.####.######......#
#.# ####.#....#......#
#.# #....#....#......#
..#.#.###.....+......# .
....# #.....#......# .
.####.###.....#......#
.###
.#..#....)...........#
#..


You could see an orc priest and an orc.

Vanquished Creatures
  Natasha (twice) (D:2)
  4 adders
  A worm (D:3)
  A dart slug (D:2)
  An orc (D:3)
  3 bats
  4 endoplasms
  A giant cockroach (D:3)
  5 goblins
  4 jackals (D:1)
  5 kobolds
  2 quokkas (D:1)
  3 ball pythons
  A frilled lizard (D:2)
  5 rats
42 creatures vanquished.

Notes
Turn   | Place    | Note
-------+----------+-------------------------------------------
     0 | D:1      | qw the Naga Hunter began the quest for the Orb.
     0 | D:1      | Reached XP level 1. HP: 19/19 MP: 1/1
     0 | D:1      | 0 ||| qw: Version: 0.2-a-29-gc1b59c4
     0 | D:1      | 0 ||| qw: Game counter: 4403
     0 | D:1      | 0 ||| qw: Always use a shield: true
     0 | D:1      | 0 ||| qw: God list: Okawaru
     0 | D:1      | 0 ||| qw: Allow faded altars: false
     0 | D:1      | 0 ||| qw: Do Orc after D:15 true
     0 | D:1      | 0 ||| qw: Do second Lair branch before Depths: true
     0 | D:1      | 0 ||| qw: Lair rune preference: random
     0 | D:1      | 0 ||| qw: Plans: Normal
     0 | D:1      | 0 ||| PLANNING D:1-11
   143 | D:1      | 143 ||| INVOKING Spit Poison.
   175 | D:1      | 175 ||| INVOKING Spit Poison.
   180 | D:1      | Reached skill level 4 in Ranged Weapons
   180 | D:1      | Reached XP level 2. HP: 26/26 MP: 2/2
   181 | D:1      | 181 ||| INVOKING Spit Poison.
   187 | D:1      | 187 ||| INVOKING Spit Poison.
   221 | D:1      | 221 ||| INVOKING Spit Poison.
   237 | D:1      | 237 ||| INVOKING Spit Poison.
   303 | D:1      | 303 ||| INVOKING Spit Poison.
   306 | D:1      | 306 ||| INVOKING Spit Poison.
   333 | D:1      | 333 ||| INVOKING Spit Poison.
   398 | D:1      | 398 ||| INVOKING Spit Poison.
   402 | D:1      | 402 ||| INVOKING Spit Poison.
   681 | D:1      | 681 ||| READING scroll labelled UMUTOL ICHIWN.
   682 | D:1      | 682 ||| READING scroll labelled XUTWO WOCKOE.
   683 | D:1      | 683 ||| DRINKING 2 fuming black potions.
   684 | D:1      | 684 ||| DROPPING scroll of butterflies.
   716 | D:2      | 716 ||| INVOKING Spit Poison.
   721 | D:2      | 721 ||| STAIRDANCE
   723 | D:1      | 723 ||| INVOKING Spit Poison.
   724 | D:1      | Reached XP level 3. HP: 26/32 MP: 3/3
   760 | D:2      | 760 ||| INVOKING Spit Poison.
   823 | D:2      | 823 ||| INVOKING Spit Poison.
   840 | D:2      | Found Tauseliu's Book Shoppe.
   906 | D:2      | 906 ||| INVOKING Spit Poison.
   916 | D:2      | 916 ||| INVOKING Spit Poison.
   923 | D:2      | 923 ||| INVOKING Spit Poison.
   977 | D:2      | 977 ||| INVOKING Spit Poison.
  1086 | D:2      | Found a faded altar of an unknown god.
  1090 | D:2      | Noticed Natasha
  1091 | D:2      | 1091 ||| UPGRADING to +0 cloak.
  1096 | D:2      | 1096 ||| READING scroll labelled KAMMEU HUNN.
  1097 | D:2      | 1097 ||| READING scroll labelled NON JEPUHEYMMU.
  1098 | D:2      | 1098 ||| READING 2 scrolls labelled GEEMUA HAELU.
  1099 | D:2      | 1099 ||| DRINKING 2 black potions.
  1100 | D:2      | 1100 ||| DROPPING scroll of fog.
  1103 | D:2      | 1103 ||| INVOKING Spit Poison.
  1107 | D:2      | 1107 ||| INVOKING Spit Poison.
  1111 | D:2      | Killed Natasha
  1112 | D:2      | Reached skill level 5 in Ranged Weapons
  1112 | D:2      | Reached XP level 4. HP: 33/39 MP: 4/4
  1161 | D:2      | 1161 ||| INVOKING Spit Poison.
  1179 | D:2      | Noticed Natasha
  1180 | D:2      | 1180 ||| INVOKING Spit Poison.
  1184 | D:2      | Killed Natasha
  1375 | D:3      | 1375 ||| INVOKING Spit Poison.
  1379 | D:3      | 1379 ||| INVOKING Spit Poison.
  1433 | D:3      | 1433 ||| INVOKING Spit Poison.
  1498 | D:3      | 1498 ||| INVOKING Spit Poison.
  1501 | D:3      | Reached skill level 3 in Fighting
  1501 | D:3      | Reached XP level 5. HP: 49/49 MP: 5/5
  1605 | D:3      | 1605 ||| INVOKING Spit Poison.
  1736 | D:3      | 1736 ||| INVOKING Spit Poison.
  1747 | D:3      | 1747 ||| INVOKING Spit Poison.
  1752 | D:3      | 1752 ||| INVOKING Spit Poison.
  1755 | D:3      | 1755 ||| INVOKING Spit Poison.
  1756 | D:3      | HP: 7/46 [orc priest/+1 flail of draining (10)]
  1756 | D:3      | HP: 3/44 [orc priest/+1 flail of draining (4)]
  1757 | D:3      | Slain by an orc priest

Levels and vault maps discovered:
D:1:      matt_arrival_spirals, layout_loops_ring, skrybe_limestone_x
D:2:      layout_rooms, serial_shops, nicolae_shop_hallway_plus,
          hellmonk_ecumenical_altar_inner_sanctum, minmay_misc_feat_hallway,
          uniq_natasha
D:3:      layout_basic, jmf_multi_god_temple, vehumet_altar_wand_db

Skill      XL: |  1  2  3  4 |
---------------+-------------+-----
Ranged Weapons | 4 5 |  5.3
Fighting       | 3 |  3.0
Dodging        | |  1.5
Stealth        | |  1.5

Action                     |  1- 3 |  4- 6 || total
---------------------------+-------+-------++-------
   Fire: Shortbow          |    55 |    31 ||    86
Ability: Spit Poison       |    21 |    11 ||    32
    Use: Scroll            |     5 |       ||     5
         Potion            |     2 |       ||     2
 Armour: Leather armour    |     4 |     3 ||     7
  Dodge: Dodged            |    16 |     8 ||    24

Table legend:
 A = Non-vault XP
 B = Vault XP
 C = Vault XP percentage of total XP
 D = Non-vault monster count
 E = Vault monster count
 F = Vault count percentage of total count
                 A         B        C        D         E       F
            +---------+---------+-------+---------+---------+-------
      Total |     152 |      36 |  19.1 |      41 |       1 |   2.4
            +---------+---------+-------+---------+---------+-------
        D:1 |      42 |       0 |   0.0 |      18 |       0 |   0.0
        D:2 |      65 |      36 |  35.6 |      13 |       1 |   7.1
        D:3 |      45 |       0 |   0.0 |      10 |       0 |   0.0
            +---------+---------+-------+---------+---------+-------
